 Dungeon Crawl Stone Soup version 0.25.1-2-g60ff931df9 (webtiles) character file.

Game seed: 13473454380756113298

6586 DogServant the Martial Artist (level 10, -1/99 HPs)
             Began as a Black Draconian Transmuter on Oct 17, 2020.
             Was a High Priest of Okawaru.
             Slain by a seven-headed hydra (2 damage)
             ... on level 10 of the Dungeon.
             The game lasted 00:28:35 (13389 turns).

DogServant the Martial Artist (DrTm)               Turns: 13389, Time: 00:28:36

Health: -1/99      AC:  6    Str: 12    XL:     10   Next: 71%
Magic:  11/17      EV: 12    Int: 14    God:    Okawaru [*****.]
Gold:   229        SH:  0    Dex: 15    Spells: 4/19 levels left

rFire    x . .     SeeInvis .     - Unarmed
rCold    + + +     Gourm    .   (shield currently unavailable)
rNeg     . . .     Faith    .   (armour unavailable)
rPois    +         Spirit   .   (helmet currently unavailable)
rElec    .         Reflect  .   (cloak currently unavailable)
rCorr    .         Harm     .   (gloves currently unavailable)
MR       .....                  (boots currently unavailable)
Stlth    +.........             C - amulet of regeneration
HPRegen  0.66/turn              d - ring of poison resistance
MPRegen  0.15/turn              (no ring)

@: mighty, ice-form, very slightly contaminated, invisible
A: large, (breathe lightning), unfitting armour, AC +7
a: End Transformation, Heroism, Finesse, Renounce Religion


You were on level 10 of the Dungeon.
You worshipped Okawaru.
Okawaru was extremely pleased with you.
You were hungry.
You were a creature of crystalline ice.
You visited 2 branches of the dungeon, and saw 11 of its levels.

You collected 392 gold pieces.
You donated 163 gold pieces to Zin.

Inventory:

Hand Weapons
 k - a +1 dagger of venom
Missiles
 a - 184 arrows
 n - 3 curare-tipped darts (quivered)
Armour
 l - a +0 cloak (melded)
 q - a +0 pair of gloves (melded)
 B - a +0 buckler
Jewellery
 d - a ring of poison resistance (left front paw)
 C - an amulet of regeneration (around neck)
Wands
 b - a wand of clouds (3)
Scrolls
 e - 4 scrolls of remove curse
 i - a scroll of amnesia
 j - a scroll of fog {unknown}
 p - a scroll of vulnerability {unknown}
 s - 2 scrolls of blinking {unknown}
 v - 4 scrolls of enchant armour {unknown}
 x - 2 scrolls of magic mapping {unknown}
 y - 2 scrolls of identify
Potions
 f - a potion of flight
 g - a potion of mutation
 h - 5 potions of stabbing
 m - a potion of curing
 o - a potion of brilliance
 r - a potion of might
 t - 2 potions of magic
 w - 3 potions of degeneration
 z - 2 potions of lignification
Comestibles
 c - 9 rations
 u - 4 chunks of flesh


   Skills:
 + Level 6.0 Fighting
 + Level 5.0 Dodging
 + Level 9.8 Unarmed Combat
 - Level 5.2 Spellcasting
 + Level 9.4 Transmutations
 - Level 3.2 Poison Magic
 + Level 0.4 Invocations


You had 4 spell levels left.
You knew the following spells:

 Your Spells              Type           Power        Failure   Level  Hunger
a - Beastly Appendage     Tmut           ####..       1%          1    None
b - Sticks to Snakes      Tmut           ####....     1%          2    ##.....
c - Spider Form           Tmut/Pois      ###.......   3%          3    ###....
d - Ice Form              Ice/Tmut       ###.....     24%         4    ####...
e - Blade Hands           Tmut           ####......   10%         5    ######.

Your spell library contained the following spells:

 Spells                   Type           Power        Failure   Level  Hunger
 Corona                   Hex            #......      17%         1    None
 Ensorcelled Hibernation  Hex/Ice        #.....       26%         2    ##.....
 Confusing Touch          Hex            #.......     45%         3    ###....
 Dazzling Flash           Conj/Hex       #.....       45%         3    ###....
 Tukima's Dance           Hex            #.......     45%         3    ###....


Dungeon Overview and Level Annotations

Branches:
Dungeon (10/15)            Temple (1/1) D:6             Orc (0/2) D:9
   Lair: D:8-11

Altars:
Ashenzari
Cheibriados
Dithmenos
Elyvilon
Fedhas
Gozag
Hepliaklqana
Kikubaaqudgha
Makhleb
Nemelex Xobeh
Okawaru
Qazlal
Ru
Sif Muna
Trog
Uskayaw
Vehumet
Wu Jian
Xom
Yredelemnul
Zin
The Shining One

Annotations:
D:2 1 runed translucent door, Crazy Yiuf


Innate Abilities, Weirdness & Mutations

((You can breathe wild blasts of lightning.))
((Your glossy black scales are hard. (AC +7)))
You cannot fit into any form of body armour.
((You are resistant to electric shocks. (rElec)))
((You are cold-blooded and may be slowed by cold attacks.))


Message History

You fade into invisibility!
The seven-headed hydra barely misses you.
The seven-headed hydra closely misses you.
The seven-headed hydra barely misses you.
The seven-headed hydra bites you but does no damage.
The seven-headed hydra barely misses you.
The seven-headed hydra misses you.
The seven-headed hydra bites you but does no damage.
The seven-headed hydra closely misses you.
The seven-headed hydra bites you.
* * * LOW HITPOINT WARNING * * *
The seven-headed hydra bites you but does no damage.
The seven-headed hydra bites you!
* * * LOW HITPOINT WARNING * * *
The seven-headed hydra bites you!
* * * LOW HITPOINT WARNING * * *
The seven-headed hydra bites you.
* * * LOW HITPOINT WARNING * * *
The seven-headed hydra bites you.
You die...

.............................###
...............................##
....................##..........#
<..................####.....#....
................#..# #########..
..................## ###
#..................## #
#...................##
................Y....#
.................D...#
.....................# ##
.....................# ##.###
#....................###....##
#.....................##.....##
...................#..........#
###................##...........
##...............###..........


You could see a seven-headed hydra.

Vanquished Creatures
  A two-headed ogre (D:10)
  Maggie (D:8)
  2 trolls
  2 hippogriffs
  3 yaks (D:10)
  6 orc warriors (D:9)
  3 ice beasts
  A black bear (D:6)
  3 sky beasts
  4 ogres
  An eye of draining (D:8)
  3 phantoms
  A wolf (D:8)
  3 centaurs (D:7)
  A crocodile (D:10)
  5 big kobolds (D:9)
  3 bullfrogs
  3 scorpions
  3 howler monkeys (D:9)
  A crimson imp (D:5)
  A centaur zombie (D:7)
  2 bullfrog zombies
  4 orc priests
  2 jellies
  2 bullfrog skeletons
  9 hounds
  Jessica (D:2)
  Natasha (D:2)
  6 orc wizards
  7 worker ants
  A killer bee zombie (D:9)
  A howler monkey zombie (D:6)
  15 adders
  6 gnolls
  2 oozes
  3 adder skeletons
  A worm (D:2)
  7 leopard geckos
  31 orcs
  5 giant cockroaches
  13 goblins
  7 hobgoblins
  14 jackals
  3 quokkas
  2 ball pythons (D:3)
  15 bats
  9 frilled lizards
  A jackal skeleton (D:4)
  6 kobolds
  A leopard gecko skeleton (D:4)
  A quokka skeleton (D:6)
  8 rats
237 creatures vanquished.

Vanquished Creatures (collateral kills)
  A hound (D:8)
  An adder (D:3)
2 creatures vanquished.

Grand Total: 239 creatures vanquished

Notes
Turn   | Place    | Note
-------+----------+-------------------------------------------
     0 | D:1      | DogServant the Draconian Transmuter began the quest for the
                  | Orb.
     0 | D:1      | Reached XP level 1. HP: 16/16 MP: 3/3
   143 | D:1      | Reached XP level 2. HP: 18/23 MP: 1/5
  1091 | D:2      | Reached XP level 3. HP: 15/28 MP: 6/6
  1896 | D:2      | Reached XP level 4. HP: 35/35 MP: 7/7
  2005 | D:2      | Noticed Natasha
  2015 | D:2      | Killed Natasha
  2118 | D:2      | Noticed Jessica
  2123 | D:2      | Learned a level 2 spell: Sticks to Snakes
  2127 | D:2      | Learned a level 3 spell: Spider Form
  2140 | D:2      | Killed Jessica
  2509 | D:2      | Reached XP level 5. HP: 37/40 MP: 6/8
  2629 | D:2      | Found a runed translucent door.
  2630 | D:2      | Noticed Crazy Yiuf
  3327 | D:3      | Reached XP level 6. HP: 34/50 MP: 9/9
  3769 | D:3      | Reached skill level 5 in Unarmed Combat
  4164 | D:4      | Reached skill level 1 in Poison Magic
  4537 | D:4      | Reached skill level 5 in Transmutations
  4637 | D:4      | Your scales start taking on a glossy black colour.
  4637 | D:4      | Reached XP level 7. HP: 41/57 MP: 10/10
  4637 | D:4      | Gained mutation: You are resistant to electric shocks.
                  | (rElec) [Black Draconian growth]
  5512 | D:5      | Entered Level 5 of the Dungeon
  5799 | D:5      | Learned a level 4 spell: Ice Form
  5984 | D:5      | Found a shimmering blue altar of Sif Muna.
  5985 | D:5      | Found a shimmering altar of Xom.
  5985 | D:5      | Found a glowing silver altar of Zin.
  5986 | D:5      | Found a basalt altar of Yredelemnul.
  5995 | D:5      | Became a worshipper of Zin the Law-Giver
  5995 | D:5      | Reached * piety under Zin
  6044 | D:5      | Donated 94 gold pieces to Zin
  6045 | D:5      | Donated 47 gold pieces to Zin
  6225 | D:5      | Fell from the grace of Zin
  6702 | D:6      | Reached XP level 8. HP: 57/63 MP: 11/11
  6777 | D:6      | Found a staircase to the Ecumenical Temple.
  6914 | Temple   | Entered the Ecumenical Temple
  6924 | Temple   | Became a worshipper of Warmaster Okawaru
  8519 | D:7      | Reached * piety under Okawaru
  9113 | D:8      | Noticed Maggie
  9127 | D:8      | Killed Maggie
  9127 | D:8      | Reached XP level 9. HP: 37/69 MP: 7/12
  9650 | D:8      | Reached ** piety under Okawaru
  9965 | D:8      | Noticed a troll
  9984 | D:8      | Killed a troll
 10657 | D:9      | Learned a level 5 spell: Blade Hands
 11110 | D:9      | Reached skill level 5 in Fighting
 11152 | D:9      | Reached *** piety under Okawaru
 11608 | D:9      | Found a staircase to the Orcish Mines.
 11608 | D:9      | Noticed a troll
 11735 | D:9      | Reached XP level 10. HP: 50/81 MP: 11/16
 12568 | D:10     | Entered Level 10 of the Dungeon
 12650 | D:10     | Reached **** piety under Okawaru
 12983 | D:10     | Noticed a two-headed ogre
 12993 | D:10     | Killed a two-headed ogre
 12993 | D:10     | Reached skill level 5 in Spellcasting
 13175 | D:10     | Reached skill level 5 in Dodging
 13283 | D:10     | Reached ***** piety under Okawaru
 13371 | D:10     | Noticed a seven-headed hydra
 13389 | D:10     | HP: 3/99 [seven-headed hydra (9)]
 13389 | D:10     | HP: 1/99 [seven-headed hydra (2)]
 13389 | D:10     | Slain by a seven-headed hydra

Illustrated notes

Levels and vault maps discovered:
D:1:      minmay_arrival_solitary_statue, layout_basic, dk_noncrumbling_2
D:2:      layout_basic, hangedman_abyss_or_decor_lesser_grid, uniq_jessica,
          uniq_crazy_yiuf_cottage, uniq_natasha
D:3:      layout_loops_ring, grunt_ministairs_14
D:4:      layout_basic, minmay_stone_trees_small
D:5:      layout_gridville, chequers_temple_overflow_statue_of_worship,
          first_ration, corexii_hall_statues_u
D:6:      layout_basic, minmay_temple_entry_statues_pillars,
          lightli_corner_chamber
D:7:      layout_cave_pods, minivault_11
D:8:      layout_gridville, erik_lair_island, hangedman_little_slice_of_home,
          uniq_joseph, uniq_maggie
D:9:      layout_basic, kennysheep_orc_monster_closet_entryway
D:10:     layout_cave_pods, eino_house_with_fridge
Temple:   compressed_dpeg_circular_temple

Skill      XL: |  1  2  3  4  5  6  7  8  9 10 |
---------------+-------------------------------+-----
Transmutations | 3 4 5 6 7 8 9 |  9.4
Unarmed Combat | 4 5 6 8 9 |  9.8
Fighting       | 2 3 5 6 |  6.0
Poison Magic   | 1 3 |  3.2
Dodging        | 2 3 5 |  5.0
Spellcasting   | 4 5 |  5.2
Invocations    | |  0.4

Action                   |  1- 3 |  4- 6 |  7- 9 | 10-12 || total
-------------------------+-------+-------+-------+-------++-------
Melee: Unarmed           |    99 |       |   259 |   108 ||   466
       Tailslap          |     7 |    25 |    52 |    10 ||    94
       Kick              |     2 |    21 |    37 |       ||    60
       Headbutt          |     2 |    11 |    28 |       ||    41
       Punch             |     1 |     4 |     4 |     1 ||    10
       Dagger            |     9 |   211 |   211 |       ||   431
Throw: Dart              |       |     1 |     1 |     2 ||     4
       Throwing net      |       |       |     1 |       ||     1
 Cast: Beastly Appendage |    10 |    24 |    39 |     2 ||    75
       Sticks to Snakes  |       |     4 |     7 |     3 ||    14
       Spider Form       |       |       |     8 |     2 ||    10
       Blade Hands       |       |       |     8 |    13 ||    21
       Ice Form          |       |       |       |     1 ||     1
Invok: Donate Gold       |       |       |     2 |       ||     2
       Renounce Religion |       |       |     1 |       ||     1
 Abil: End Transformatio |       |       |     1 |       ||     1
       Breathe Lightning |       |       |       |     1 ||     1
Evoke: Wand              |       |       |       |     1 ||     1
  Use: Scroll            |       |     8 |     6 |     5 ||    19
       Potion            |       |       |     4 |     2 ||     6
 Stab: Sleeping          |       |     2 |     2 |       ||     4
  Eat: Chunk             |     3 |    10 |    10 |     4 ||    27
       Ration            |       |       |     5 |     2 ||     7
Armor: Skin              |    52 |    53 |   157 |    22 ||   284
Dodge: Dodged            |   116 |   115 |   312 |    68 ||   611
